 Seeded DCSS version 0.28.0-62-gf88900778d (webtiles) character file.

Game seed: 12063502943493819630 (custom seed)

54780 cbfl8 the Cleaver (level 14, -8/124 HPs)
             Began as a Minotaur Berserker on July 3, 2023.
             Was a Priest of Trog.
             Mangled by a boulder beetle (46 damage)
             ... on level 14 of the Dungeon.
             The game lasted 00:28:03 (22819 turns).

cbfl8 the Cleaver (Minotaur Berserker)             Turns: 22819, Time: 00:28:03

Health: -8/124     AC: 26    Str: 23    XL:     14   Next: 35%
Magic:  13/13      EV:  5    Int:  4    God:    Trog [***...]
Gold:   1314       SH: 22    Dex: 14    Spells: 13/13 levels left

rFire   + . .      SeeInvis .   y - +1 hand axe (venom)
rCold   + . .      Faith    .   D - +0 tower shield
rNeg    + . .      Spirit   .   a - +3 gold dragon scales
rPois   +          Reflect  +   (helmet restricted)
rElec   .          Harm     .   (no cloak)
rCorr   +          Rampage  .   g - +0 pair of gloves
Will    +++..      Clarity  +   A - +0 pair of boots
Stlth   ..........              n - amulet of reflection
HPRegen 1.30/turn               i - ring of positive energy
MPRegen 0.13/turn               w - ring of resist corrosion

@: strong-willed, on berserk cooldown, regenerating, slowed, very slow
A: horns 2, retaliatory headbutt, clarity
a: Renounce Religion, Berserk, Trog's Hand


You were on level 14 of the Dungeon.
You worshipped Trog.
Trog was most pleased with you.
You visited 1 branch of the dungeon, and saw 15 of its levels.
You also visited: Bailey and Ice Cave.

You collected 1314 gold pieces.

Inventory:

Hand Weapons
 m - a +0 hand axe of flaming
 t - a +0 broad axe
 y - a +1 hand axe of venom (weapon)
Armour
 a - +3 gold dragon scales (worn)
 g - a +0 pair of gloves (worn)
 A - a +0 pair of boots (worn)
 D - a +0 tower shield (worn)
Jewellery
 i - a ring of positive energy (left hand)
 n - an amulet of reflection (around neck)
 w - a ring of resist corrosion (right hand)
Wands
 d - a wand of flame (10)
 f - a wand of paralysis (2)
 l - a wand of polymorph (9)
 v - a wand of iceblast (1) (quivered)
 z - a wand of digging (6)
Scrolls
 b - 5 scrolls of noise
 c - a scroll of blinking
 j - 4 scrolls of fog
 k - 3 scrolls of magic mapping
 q - a scroll of identify
 r - a scroll of fear
 s - 5 scrolls of teleportation
 x - a scroll of summoning
Potions
 e - 10 potions of curing
 h - 4 potions of mutation
 o - 2 potions of flight
 p - 2 potions of might
 u - a potion of cancellation
Miscellaneous
 B - a phantom mirror
 C - a lightning rod (4/4)


   Skills:
 + Level 11.6 Fighting
 + Level 14.9 Axes
 + Level 14.9 Armour
 * Level 6.5 Dodging
 * Level 4.4 Stealth
 + Level 11.8 Shields
 * Level 10.1 Evocations


You had 13 spell levels left.
You didn't know any spells.
Your spell library was empty.

Dungeon Overview and Level Annotations

Branches:
Dungeon (15/15)            Temple (0/1) D:4            Lair (0/6) D:10
    Orc (0/2) D:10         Vaults (0/5) D:14         Bailey (visited)
  IceCv (visited)
 Depths: D:15

Altars:
Ashenzari
Elyvilon
Fedhas
Hepliaklqana
Kikubaaqudgha
Uskayaw
Beogh

Shops:
D:6 *   D:10 (

Portals:
Trove: D:11 (lose all piety)

Annotations:
D:9 2 transporters, exclusions: ice statue and 2 oklob plants, macfelon's ghost, novice DECj
D:15 3 runed translucent doors, cbfl8's ghost, journeyman MiBe


Innate Abilities, Weirdness & Mutations

You have a pair of horns on your head.
You reflexively headbutt those who attack you in melee.
You possess an exceptional clarity of mind.


Message History

The tengu conjurer claws you but does no damage.
The tengu conjurer blocks your attack.
The tengu conjurer is almost dead.
You hit the boulder beetle but do no damage.
The boulder beetle is poisoned.
You kill the tengu conjurer!
Trog accepts your kill.
Trog appreciates your killing of a magic user.
The battlesphere dissipates.
You block the boulder beetle's attack.
The tengu conjurer casts a spell at you.
The bolt of lightning hits you! The bolt of lightning hits you!!
You block the boulder beetle's attack.
There is an escape hatch in the ceiling here.
You see here a +0 buckler.
You block the boulder beetle's attack. A mysterious force pulls you upwards.
The hatch slams shut behind you.
The battlesphere dissipates.
A red film seems to cover your vision as you go berserk!
You feel yourself moving faster!
You feel mighty!
The boulder beetle leaps!
You feel a strong urge to attack something.
You are too injured to fight recklessly!
You feel your anger nearly subside.
You are no longer berserk.
You are exhausted.
You feel yourself slow down. You block the boulder beetle's attack.
You hit the boulder beetle but do no damage.
The boulder beetle looks even sicker.
You headbutt the boulder beetle.
The boulder beetle is moderately wounded.
The boulder beetle bites you!
* * * LOW HITPOINT WARNING * * *
Blink to where?
Press: ? - help, Dir - move target
As you read the scroll of blinking, it crumbles to dust.
The boulder beetle curls into a ball and begins rolling!
Okay, then.
Okay, then.
Your skin crawls.
You feel strong-willed.
You can no longer call in reinforcements.
The boulder beetle hits you!!!
You die...

########.#....##.............
##.#.##...#....##.#...........
#.........#.......###.........
#..............#..###....>....
##.#.....#.....#...^..!.......
###...##.....<...............
#..####....#....#..........
##.........##...#..........
##........@##...#..........
#####........[B.#....##........
##...#.).......○................
#..............°...##...........
##..............°..###......#....
#...............°..####.....#....
###..#..............###.....##...
####))............##.......#...
#.........##°..........##..)


You could see a boulder beetle (rolling, very poisoned).

Vanquished Creatures
  Frances (D:13)
  Roxanne (D:14)
  An ettin (D:13)
  2 fire dragons
  Josephine (D:12)
  A rakshasa (D:13)
  Fannar (D:10)
  3 vault guards
  6 hydras
  A boulder beetle (D:15)
  An ogre mage (D:15)
  A death knight (D:15)
  3 catoblepae
  7 centaur warriors
  10 two-headed ogres
  A tengu warrior (D:13)
  A skeletal warrior (D:13)
  A swamp dragon (D:13)
  Pikel (D:7)
  A wizard (D:15)
  A lindwurm (D:14)
  2 deep elf pyromancers
  2 deep elf zephyrmancers (D:13)
  8 ugly things
  6 cyclopes
  5 manticores
  Joseph (D:7)
  2 ice statues (IceCv)
  3 gargoyles
  2 kobold demonologists (D:13)
  An unseen horror (D:13)
  A komodo dragon (D:12)
  2 efreet
  3 tengu conjurers
  A freezing wraith (IceCv)
  An anaconda simulacrum (IceCv)
  5 trolls
  A meliai (D:13)
  Prince Ribbit (D:7)
  A blink frog (Bailey)
  11 slime creatures
  A vampire (D:13)
  4 wraiths
  3 shadows
  A spriggan (shapeshifter) (D:13)
  4 humans (Bailey)
  3 basilisks
  A human (shapeshifter) (D:14)
  6 yaks (D:9)
  2 death yak simulacra (IceCv)
  9 vampire mosquitoes
  An acid dragon (D:12)
  A necrophage (D:4)
  An ice beast (D:5)
  2 black bears
  10 orc warriors
  5 ogres
  6 centaurs
  2 kobold brigands
  4 lemures (D:7)
  A phantom (D:6)
  11 bullfrogs
  2 scorpions
  A gnoll sergeant (D:6)
  A water moccasin skeleton (D:5)
  5 killer bees (D:10)
  8 howler monkeys
  A bullfrog zombie (D:6)
  3 centaur zombies
  A centaur skeleton (D:4)
  A hound (D:6)
  2 jellies (D:5)
  7 orc priests
  4 iguanas (D:5)
  11 orc wizards
  A hound skeleton (D:4)
  5 gnolls
  3 adders
  14 white imps
  A worm (shapeshifter) (D:13)
  3 worms
  61 orcs
  7 endoplasms
  4 giant cockroaches
  3 goblins
  9 hobgoblins
  3 jackals (D:2)
  15 kobolds
  3 quokkas
  3 ball pythons
  A bat (D:2)
  2 frilled lizards
  5 rats
373 creatures vanquished.

Notes
Turn   | Place    | Note
-------+----------+-------------------------------------------
     0 | D:1      | cbfl8 the Minotaur Berserker began the quest for the Orb.
     0 | D:1      | Reached XP level 1. HP: 19/19 MP: 0/0
    25 | D:1      | You fall into a shaft and drop 1 floor!
   163 | D:1      | Reached XP level 2. HP: 26/27 MP: 1/1
   499 | D:1      | Found a faded altar of an unknown god.
   785 | D:2      | Reached XP level 3. HP: 28/33 MP: 2/2
   797 | D:2      | Reached ** piety under Trog
  1208 | D:2      | Reached XP level 4. HP: 25/40 MP: 3/3
  1539 | D:3      | Reached skill level 5 in Axes
  1755 | D:3      | Reached skill level 1 in Evocations
  2376 | D:4      | Reached XP level 5. HP: 47/47 MP: 4/4
  2790 | D:4      | Found a hazy altar of Hepliaklqana.
  2816 | D:4      | Noticed a necrophage
  2829 | D:4      | Killed a necrophage
  2830 | D:4      | Reached XP level 6. HP: 42/53 MP: 5/5
  3056 | D:4      | Found a staircase to the Ecumenical Temple.
  3277 | D:5      | Entered Level 5 of the Dungeon
  3337 | D:5      | Reached skill level 1 in Shields
  3726 | D:5      | Reached XP level 7. HP: 59/60 MP: 6/6
  3760 | D:5      | Reached *** piety under Trog
  4035 | D:5      | Found a large runed translucent door.
  4036 | D:5      | Found a large runed translucent door.
  4050 | D:5      | Found a blossoming altar of Fedhas.
  4066 | D:5      | Found a white marble altar of Elyvilon.
  4213 | D:5      | Reached skill level 5 in Armour
  4727 | D:6      | Found Mimarch's Sacrilege Store.
  4789 | D:6      | Reached skill level 5 in Fighting
  4789 | D:6      | Reached XP level 8. HP: 59/68 MP: 7/7
  5684 | D:7      | Noticed Prince Ribbit
  5696 | D:7      | Killed Prince Ribbit
  5721 | D:7      | Noticed Pikel
  5742 | D:7      | Killed Pikel
  5743 | D:7      | Reached XP level 9. HP: 75/75 MP: 8/8
  5800 | D:7      | Reached skill level 5 in Shields
  5816 | D:7      | Found a flagged portal.
  5842 | Bailey   | Entered a bailey
  5947 | Bailey   | Reached skill level 5 in Evocations
  6149 | Bailey   | Noticed a vault guard
  6165 | Bailey   | Killed a vault guard
  6166 | Bailey   | Reached skill level 10 in Axes
  6272 | Bailey   | Reached **** piety under Trog
  6273 | Bailey   | Reached XP level 10. HP: 47/84 MP: 9/9
  6519 | Bailey   | Noticed a vault guard
  6537 | Bailey   | Killed a vault guard
  6746 | D:7      | Noticed Joseph
  6759 | D:7      | Killed Joseph
  7927 | D:8      | Found a broken altar of Ashenzari.
  8717 | D:9      | Noticed an ice statue
  8723 | D:9      | Found a transporter.
  8726 | D:9      | Noticed an oklob plant
  8737 | D:9      | Noticed macfelon's ghost (novice DECj)
  8737 | D:9      | Noticed an oklob plant
  8765 | D:9      | Found a transporter.
  8785 | D:9      | Noticed a two-headed ogre
  8792 | D:9      | Killed a two-headed ogre
  8890 | D:9      | Noticed a two-headed ogre
  8898 | D:9      | Killed a two-headed ogre
  9011 | D:9      | Reached skill level 10 in Armour
  9243 | D:9      | Reached XP level 11. HP: 84/94 MP: 10/10
  9558 | D:10     | Entered Level 10 of the Dungeon
  9561 | D:10     | Noticed a two-headed ogre
  9564 | D:10     | Found a staircase to the Lair.
  9570 | D:10     | Killed a two-headed ogre
  9718 | D:10     | Noticed Fannar
  9740 | D:10     | Killed Fannar
 10300 | D:10     | Found a staircase to the Orcish Mines.
 10302 | D:10     | Found Meizo's Weapon Emporium.
 10357 | D:10     | Identified the +3 ring mail of Ufoeduah {+Inv rC+ Will+
                  | Dex+4}
 10740 | D:11     | Noticed a green ugly thing
 10759 | D:11     | Killed a green ugly thing
 10819 | D:11     | Found a frozen archway.
 10846 | IceCv    | Entered an ice cave
 11088 | IceCv    | Found a transporter.
 11092 | IceCv    | Noticed a white ugly thing
 11095 | IceCv    | Identified the +6 morningstar "Hiatt" {vorpal, *Slow Str+4
                  | Stlth+}
 11096 | IceCv    | Found a transporter.
 11133 | IceCv    | Killed a white ugly thing
 11852 | D:11     | Noticed a red ugly thing
 11873 | D:11     | Killed a red ugly thing
 12244 | D:11     | Found a portal to a secret trove of treasure.
 12408 | D:11     | Reached XP level 12. HP: 104/104 MP: 11/11
 12773 | D:12     | Noticed a two-headed ogre
 12783 | D:12     | Killed a two-headed ogre
 12830 | D:12     | Noticed Josephine
 12842 | D:12     | Killed Josephine
 13310 | D:12     | Found a hide-covered altar of Uskayaw.
 13832 | D:13     | Reached ***** piety under Trog
 13889 | D:13     | Noticed a centaur warrior
 13897 | D:13     | Killed a centaur warrior
 13973 | D:13     | Noticed a seven-headed hydra
 13991 | D:13     | Killed a seven-headed hydra
 13992 | D:13     | Reached skill level 10 in Fighting
 14453 | D:13     | Noticed Frances
 14477 | D:13     | Killed Frances
 14523 | D:13     | Noticed a seven-headed hydra
 14539 | D:14     | Noticed a seven-headed hydra
 14540 | D:14     | Noticed a centaur warrior
 14548 | D:13     | Killed a four-headed hydra
 14549 | D:13     | Reached skill level 10 in Shields
 14689 | D:13     | Noticed a catoblepas
 14691 | D:13     | Noticed a two-headed ogre
 14696 | D:13     | Killed a two-headed ogre
 14701 | D:13     | Killed a catoblepas
 14854 | D:13     | Noticed a two-headed ogre
 14868 | D:13     | Killed a two-headed ogre
 14869 | D:13     | Reached XP level 13. HP: 92/114 MP: 12/12
 15235 | D:13     | Reached skill level 1 in Stealth
 15881 | D:13     | Noticed an ettin
 17555 | D:13     | Killed an ettin
 17557 | D:13     | Reached skill level 5 in Dodging
 18400 | D:13     | Noticed a fire dragon
 18416 | D:13     | Killed a fire dragon
 20368 | D:14     | Found an ancient bone altar of Kikubaaqudgha.
 20427 | D:14     | Identified Roxanne's Reference Book on Clay
 20427 | D:14     | Noticed Roxanne
 20812 | D:14     | Reached XP level 14. HP: 124/124 MP: 13/13
 20999 | D:14     | Found a gate to the Vaults.
 21179 | D:14     | Killed Roxanne
 21323 | D:14     | Gained mutation: You possess an exceptional clarity of
                  | mind. [potion of mutation]
 21353 | D:15     | Entered Level 15 of the Dungeon
 21370 | D:15     | Reached skill level 10 in Evocations
 21617 | D:15     | Noticed cbfl8's ghost (journeyman MiBe)
 21906 | D:15     | Found a runed translucent gate.
 21906 | D:15     | Found a runed translucent gate.
 21906 | D:15     | Found a runed translucent gate.
 22819 | D:14     | Mangled by a boulder beetle

Illustrated notes

Levels and vault maps discovered:
D:1:      heliophobic_arrival_battle_scene, layout_basic,
          dilly_ecumenical_altar_fadedgnrine
D:2:      layout_basic, minmay_tiny_reverse_x
D:3:      layout_loops_ring, chequers_serial_rivers_micro_b
D:4:      layout_loops_cross, mainiacjoe_overflow_paths,
          minmay_temple_entry_purple_smoke
D:5:      layout_basic, jmf_multi_god_temple2, minmay_holes,
          kennysheep_generic_room_13
D:6:      layout_basic, minmay_misc_feat_enclosed, nicolae_evil_shop
D:7:      layout_loops_corners, enter_bailey_4, uniq_pikel, uniq_prince_ribbit1,
          uniq_joseph
D:8:      layout_loops_ring, cheibrodos_ashenzari_chains
D:9:      layout_roguey [special_room_orc], nzn_ghost_randoct,
          hangedman_abyss_or_decor_lesser_grid, blue_anna_alchemist
D:10:     layout_loops_ring, lair_entry_dummy, orc_david_3, uniq_fannar
D:11:     layout_basic, enter_trove_1, portal_ice_cave_entry_imps,
          hangedman_decor_push
D:12:     layout_cave_pools, dancing_weapons_uskayaw, uniq_josephine
D:13:     minmay_the_grid_3x3 [minmay_the_grid_zigzag_pyramid,
          minmay_the_grid_expand, minmay_the_grid_dragon_b,
          minmay_the_grid_tri_star, minmay_the_grid_minigrid_medium,
          minmay_the_grid_eight, minmay_the_grid_minigrid_small,
          minmay_the_grid_gridbox,
          minmay_the_grid_prize_four_corners_diamond_b], layout_loops_ring,
          item_on_display_a, uniq_frances
D:14:     layout_cave_pools, david_vaults_4, kiku_gazebo_garden_becter,
          uniq_roxanne
D:15:     grunt_enter_depths_hoard, layout_basic,
          maelrawn_ghost_gauntlet_escape, serial_curves, eino_curves_02,
          eino_curves_01

Skill      XL: |  1  2  3  4  5  6  7  8  9 10 11 12 13 14 |
---------------+-------------------------------------------+-----
Axes           | 4 5 6 7 9 10 11 13 14 | 14.9
Fighting       | 4 5 6 7 9 10 11 | 11.6
Evocations     | 1 2 3 4 5 6 8 9 10 | 10.1
Armour         | 3 4 5 7 8 10 11 13 14 | 14.9
Dodging        | 3 5 6 |  6.5
Shields        | 1 2 4 6 7 8 10 11 | 11.8
Stealth        | 3 4 |  4.4

Action                   |  1- 3 |  4- 6 |  7- 9 | 10-12 | 13-15 || total
-------------------------+-------+-------+-------+-------+-------++-------
Melee: Hand axe          |    56 |   128 |   273 |   683 |   541 ||  1681
       Headbutt          |     7 |    13 |    62 |   177 |   162 ||   421
Invok: Berserk           |       |     2 |     4 |    19 |    17 ||    42
       Trog's Hand       |       |       |       |     2 |     2 ||     4
       Brothers in Arms  |       |       |       |     1 |       ||     1
Evoke: Wand              |       |       |       |    11 |     4 ||    15
  Use: Scroll            |       |     9 |     8 |     8 |     5 ||    30
       Potion            |       |     1 |       |     1 |     4 ||     6
Armor: Animal skin       |     2 |       |       |       |       ||     2
       Scale mail        |    15 |    35 |       |       |       ||    50
       Gold dragon scale |       |     6 |   129 |   291 |   331 ||   757
Dodge: Dodged            |    30 |    29 |    31 |    87 |    98 ||   275
Block: Buckler           |     6 |    38 |    99 |   265 |   177 ||   585
       Reflection        |       |     1 |     3 |    10 |    20 ||    34
       Tower shield      |       |       |       |       |   129 ||   129
